 Dungeon Crawl Stone Soup version 0.27-a0-1119-gbf574a6a6b (webtiles) character file.

Game seed: 2317822574069734002

6 Zeld the Skirmisher (level 1, -1/16 HPs)
             Began as an Octopode Fighter on May 3, 2021.
             Slain by a goblin
             ... wielding a +0 dagger
              (4 damage)
             ... on level 1 of the Dungeon.
             The game lasted 00:01:20 (155 turns).

Zeld the Skirmisher (Octopode Fighter)               Turns: 155, Time: 00:01:20

Health: -1/16      AC:  1    Str: 15    XL:     1   Next: 90%
Magic:  1/1        EV: 11    Int: 10    God:
Gold:   16         SH:  8    Dex: 11    Spells: 0/0 levels left

rFire    . . .     SeeInvis .     - Unarmed
rCold    . . .     Faith    .   a - +0 kite shield
rNeg     . . .     Spirit   .   (helmet restricted)
rPois    .         Reflect  .   (no amulet)
rElec    .         Harm     .   (no ring)
rCorr    .         Rampage  .   (no ring)
Will     .....                  (no ring)
Stlth    ++........             (no ring)
HPRegen  0.05/turn              (no ring)
MPRegen  0.07/turn              (no ring)
                                (no ring)
                                (no ring)

@: no status effects
A: almost no armour, amphibious, 8 rings, camouflage 1, gelatinous body 1,
(nimble swimmer 1), tentacles
a: no special abilities


You were on level 1 of the Dungeon.
You visited 1 branch of the dungeon, and saw 1 of its levels.

You collected 16 gold pieces.

Inventory:

Armour
 a - a +0 kite shield (worn)
Scrolls
 c - a scroll of torment {unknown}
 e - a scroll of magic mapping {unknown}
Potions
 b - a potion of might
 d - a potion of haste {unknown}


   Skills:
 * Level 3.2 Fighting
 - Level 3.0 Dodging
 * Level 3.2 Shields
 - Level 2.0 Unarmed Combat


You couldn't memorise any spells.
You didn't know any spells.
Your spell library was empty.

Dungeon Overview and Level Annotations

Branches:
Dungeon (1/15)

Altars:


Innate Abilities, Weirdness & Mutations

You cannot wear most types of armour.
You are amphibious.
You can wear up to eight rings at the same time.
Your skin changes colour to match your surroundings (Stealth+).
Your rubbery body absorbs attacks. (AC +1, EV +1)
((You are camouflaged near water. (Stealth+)))
You have tentacles for arms and can constrict up to eight enemies at once.


Message History

Your grab misses the goblin. The goblin closely misses you.
You barely miss the goblin. Your grab misses the goblin.
You block the goblin's attack. The hobgoblin hits you.
You barely miss the goblin. You grab the goblin. You constrict the goblin.
The goblin misses you. The hobgoblin hits you.
* * * LOW HITPOINT WARNING * * *
You block the goblin's attack.
You are too injured to fight recklessly!
You are too injured to fight recklessly!
Unknown command.
You release your grip on the goblin.
The hobgoblin barely misses you. You block the hobgoblin's attack.
You block the giant cockroach's attack.
The giant cockroach bites you but does no damage.
You closely miss the giant cockroach. Your grab misses the giant cockroach.
The giant cockroach closely misses you. The giant cockroach bites you.
* * * LOW HITPOINT WARNING * * *
You tentacle-slap the giant cockroach. You grab the giant cockroach.
You squeeze the giant cockroach.
You kill the giant cockroach!
Press: ? - help, v - describe, . - travel, g - get item
Here: a goblin, wielding a +0 dagger (moderately wounded) Item here: a giant cockroach corpse.
The floor.
Found a metallic red potion.
A jackal comes into view.
A jackal comes into view.
A jackal comes into view.
A bat comes into view.
A jackal comes into view.
Found a stone staircase leading down.
Found 2 bubbling sapphire potions.
A goblin comes into view. It is wielding a +0 dagger.
The goblin shouts!
You hear a shout!
Found an escape hatch in the floor.
A bat comes into view.
A goblin comes into view. It is wielding a +0 dagger.
The goblin barely misses you. The goblin hits you with a +0 dagger.
You die...

.............####
................. .
#............#### ..
..#######........
.... #...#..#.####
...g #.#.##.#.####
.....###g#g##.#.....
......g.g#...........
...>.b.@.#####h......
.#......!# .......
#.......# .h.....
#######.. ..h....
#### ..b.... .h.....


You could see a hobgoblin, 3 goblins and a bat.

Vanquished Creatures
  A giant cockroach (D:1)
  2 goblins (D:1)
  A hobgoblin (D:1)
  A bat (D:1)
5 creatures vanquished.

Notes
Turn   | Place    | Note
-------+----------+-------------------------------------------
     0 | D:1      | Zeld the Octopode Fighter began the quest for the Orb.
     0 | D:1      | Reached XP level 1. HP: 16/16 MP: 1/1
   155 | D:1      | Slain by a goblin

Illustrated notes

Levels and vault maps discovered:
D:1:      dpeg_arrival_simpleton_a, layout_basic, minmay_split_cup_large

Action                   || total
-------------------------++-------
Melee: Unarmed           ||    12
       Constrict         ||     6
       Tentacles         ||     4
Armor: Skin              ||     1
Dodge: Dodged            ||    13
Block: Kite shield       ||     6

Table legend: (Time is in decaauts)
 A = Elapsed time spent in this place.
 B = Non-inter-level travel time spent in this place.
 C = Inter-level travel time spent in this place.
 D = Time resting spent in this place.
 E = Time spent auto-exploring this place.
 F = Levels seen in this place.
 G = Mean time per level.
                   A        B        C        D        E       F      G
               +--------+--------+--------+--------+--------+-----+--------+
         Total |    157 |    157 |      0 |      0 |     93 |   1 |  157.0 |
       Dungeon |    157 |    157 |      0 |      0 |     93 |   1 |  157.0 |
               +--------+--------+--------+--------+--------+-----+--------+

Top non-repeatable levels by time:
     D:1: 157 daAuts
